[Event "SR 2. liga A 2006/2007"]
[Site "?"]
[Date "2006.10.14"]
[Round "1.6"]
[White "Hagara, Vladimir"]
[Black "Syrovy, Ivan"]
[Result "0-1"]
[ECO "A21"]
[WhiteElo "1972"]
[BlackElo "2091"]
[PlyCount "118"]
[EventDate "2006.??.??"]
[TimeControl "240+2"]

{89MB, Fritz8.ctg, KAIKO-2PTA9HT0L} 1. c4 e5 2. Nc3 d6 3. g3 c6 4. Bg2 f5 5. d3
Nf6 6. e4 Be7 7. Nge2 O-O 8. O-O fxe4 9. Nxe4 Nbd7 10. N2c3 Nxe4 11. Nxe4 Nf6
12. b3 Bf5 13. Qe2 Qc7 14. Nxf6+ Bxf6 15. Be3 Qf7 16. Rad1 Rfe8 17. Qd2 a6 18.
d4 Rad8 19. dxe5 dxe5 20. Qa5 Bd3 21. Bb6 Bxf1 22. Bxd8 Bxg2 23. Kxg2 e4 24.
Bxf6 Qxf6 25. Qh5 Rf8 26. Qe2 Qe6 27. Re1 Re8 28. Qd2 Qf5 $11 29. Re3 g5 30. h3
h5 31. Qd4 g4 32. h4 Kf7 33. Qd6 Re7 34. Qd4 c5 35. Qd6 Rd7 36. Qf4 Qxf4 37.
gxf4 Rd4 38. a3 a5 39. Kf1 Kf6 40. Ke2 Kf5 41. Ke1 Kxf4 42. Re2 Rd3 43. Rb2 Kf3
44. b4 Rxa3 45. bxc5 Ra1+ 46. Kd2 Kxf2 47. Kc3+ Kf3 48. Rxb7 g3 49. Rf7+ Ke3
50. Rg7 Rc1+ 51. Kb3 Kd4 52. c6 Rxc4 53. Rd7+ Kc5 54. c7 a4+ 55. Ka3 Kb6 56.
Rg7 Rxc7 57. Rxg3 Re7 58. Kxa4 e3 59. Kb4 e2 0-1

[Event "SR 2. liga A 2006/2007"]
[Site "?"]
[Date "2006.10.14"]
[Round "1.7"]
[White "Beles, Milan"]
[Black "Klanica, Anton"]
[Result "1-0"]
[ECO "C00"]
[WhiteElo "2094"]
[BlackElo "1917"]
[PlyCount "95"]
[EventDate "2006.??.??"]
[TimeControl "240+2"]

{89MB, Fritz8.ctg, KAIKO-2PTA9HT0L} 1. e4 e6 2. d3 d5 3. Nd2 Nf6 4. Ngf3 dxe4
5. dxe4 Be7 6. Be2 b6 7. O-O Bb7 8. Bb5+ Bc6 9. Qe2 O-O 10. Bxc6 Nxc6 11. e5
Ne8 12. Rd1 Qc8 13. Ne4 f6 14. exf6 Bxf6 15. Neg5 Bxg5 16. Nxg5 Nf6 17. Qxe6+
Qxe6 18. Nxe6 Rf7 19. Bf4 Rc8 20. c3 Re7 21. Nd4 Nxd4 22. Rxd4 c5 23. Rd2 Rce8
24. f3 Nh5 25. Bd6 Rd7 26. Rad1 Red8 27. g4 Nf6 28. Bf4 Rxd2 29. Rxd2 Rxd2 30.
Bxd2 c4 31. Kf2 Nd5 32. f4 Kf7 33. Kf3 g6 34. h3 Ke6 35. Be3 a6 36. a4 b5 37.
axb5 axb5 38. Ke4 b4 39. f5+ gxf5+ 40. gxf5+ Kd6 41. Bf4+ Kc6 42. Be5 bxc3 43.
bxc3 Nb6 44. f6 Kd7 45. Bd4 Na4 46. Kd5 Nb2 47. Bc5 Ke8 48. Ke6 1-0

[Event "SR 2. liga A 2006/2007"]
[Site "?"]
[Date "2006.10.14"]
[Round "1.8"]
[White "Jurik, Michal"]
[Black "Srna, Jan"]
[Result "1/2-1/2"]
[ECO "C00"]
[WhiteElo "1915"]
[BlackElo "2041"]
[PlyCount "111"]
[EventDate "2006.??.??"]
[TimeControl "240+2"]

{89MB, Fritz8.ctg, KAIKO-2PTA9HT0L} 1. e4 e6 2. d3 d5 3. Nd2 a6 4. Ngf3 c5 5.
g3 Bd6 6. Bg2 Ne7 7. O-O O-O 8. Re1 Qc7 9. e5 Nbc6 10. exd6 Qxd6 11. Nf1 Ng6
12. h4 f6 13. d4 c4 14. c3 b5 15. b4 Ra7 16. a4 Raf7 17. axb5 axb5 18. h5 Nh8
19. Bf4 Qd8 20. Ra8 g5 21. hxg6 hxg6 22. Bh3 f5 23. Bh6 Re8 24. Ng5 Rf6 25. Nh2
Qd7 26. Bg2 Nf7 27. Nxf7 Rxf7 28. Nf3 Qb7 29. Ra2 Rh7 30. Qc1 Nd8 31. Qg5 Nf7
32. Qxg6+ Kh8 33. Bg5 Rg8 34. Bf6+ Rgg7 35. Bxg7+ Rxg7 36. Qf6 Kg8 37. Ne5 Ng5
38. Ng6 Ne4 39. Qd8+ Kh7 40. Nf8+ Kh8 41. Nxe6+ Rg8 42. Qh4+ Qh7 43. Qxh7+ Kxh7
44. Ra7+ Kh6 45. Bxe4 fxe4 46. Nf4 Bg4 47. Kh2 Rh8 48. Rh1 Bf3 49. Ng2 Kg5+ 50.
Kg1 Rf8 51. Rh4 Rb8 52. Ne3 Rd8 53. Ra6 Rg8 54. Rf4 Bg4 55. Rxg4+ Kh5 56. Rxg8
1/2-1/2

[Event "SR 2. liga A 2006/2007"]
[Site "?"]
[Date "2006.10.15"]
[Round "2.1"]
[White "Lesny, Stefan"]
[Black "Tibensky, Robert"]
[Result "0-1"]
[ECO "C00"]
[WhiteElo "2103"]
[BlackElo "2385"]
[PlyCount "78"]
[EventDate "2006.??.??"]
[TimeControl "240+2"]

{89MB, Fritz8.ctg, KAIKO-2PTA9HT0L} 1. e4 e6 2. f4 d5 3. e5 c5 4. Nf3 Nh6 5. c3
Be7 6. Na3 O-O 7. Nc2 f6 8. d3 Nc6 9. exf6 Bxf6 10. Be2 Nf5 11. O-O e5 12. fxe5
Nxe5 13. Ne3 Be6 14. Nxf5 Bxf5 15. Nxe5 Bxe5 16. Bf4 Qd6 17. Qd2 Rae8 18. Bxe5
Rxe5 19. Rf2 d4 20. Raf1 Rf6 21. Rd1 Re3 22. Rf3 Rfe6 23. Rxe3 Rxe3 24. Rf1 Qe5
25. Rf2 h6 26. Bf1 Kh7 27. Re2 Bg4 28. Rf2 Bh5 29. cxd4 cxd4 30. Qb4 b6 31. Qf8
Bg6 32. Qf4 Qd5 33. Rd2 Qc5 34. Qg4 Qd5 35. a3 Qe5 36. g3 Qc5 37. Kf2 Bh5 38.
Qh4 Rf3+ 39. Kg1 Rxf1+ 0-1

[Event "SR 2. liga A 2006/2007"]
[Site "?"]
[Date "2006.10.15"]
[Round "2.2"]
[White "Maslik, Miroslav"]
[Black "Farkas, Gabor"]
[Result "1-0"]
[ECO "D85"]
[WhiteElo "2226"]
[BlackElo "2240"]
[PlyCount "87"]
[EventDate "2006.??.??"]
[TimeControl "240+2"]

{89MB, Fritz8.ctg, KAIKO-2PTA9HT0L} 1. d4 Nf6 2. Nf3 g6 3. c4 Bg7 4. Nc3 d5 5.
cxd5 Nxd5 6. e4 Nxc3 7. bxc3 c5 8. Rb1 Nc6 9. d5 Ne5 10. Nxe5 Bxe5 11. Bb5+ Bd7
12. O-O Bxb5 13. Rxb5 Bxc3 14. Rxb7 Qc8 15. Qa4+ Kf8 16. Rxa7 Kg7 17. Be3 Rxa7
18. Qxa7 c4 19. Bd4+ Bxd4 20. Qxd4+ f6 21. Rc1 Qb7 22. Qxc4 Ra8 23. g3 Qb2 24.
Rc2 Qa3 25. Kg2 Ra4 26. Qe2 Qd6 27. Rc6 Qa3 28. e5 Ra7 29. exf6+ exf6 30. d6
Rd7 31. Qe6 Rf7 32. d7 Qa8 33. Qd5 Rf8 34. Rd6 Qxd5+ 35. Rxd5 Rd8 36. Kf3 Kf7
37. Ke4 Ke7 38. Kd4 f5 39. Ke5 h6 40. h4 g5 41. hxg5 hxg5 42. Kxf5 Rf8+ 43.
Kxg5 Kd8 44. f4 1-0

[Event "SR 2. liga A 2006/2007"]
[Site "?"]
[Date "2006.10.15"]
[Round "2.3"]
[White "Petenyi, Tamas"]
[Black "Hartl, Jan"]
[Result "1/2-1/2"]
[ECO "C77"]
[WhiteElo "2125"]
[BlackElo "2158"]
[PlyCount "88"]
[EventDate "2006.??.??"]
[TimeControl "240+2"]

{89MB, Fritz8.ctg, KAIKO-2PTA9HT0L} 1. e4 e5 2. Nf3 Nc6 3. Bb5 a6 4. Ba4 Nf6 5.
d3 d6 6. c3 Be7 7. O-O O-O 8. Nbd2 b5 9. Bb3 Na5 10. Bc2 c5 11. d4 cxd4 12.
cxd4 Nc6 13. d5 Nb4 14. Bb1 a5 15. a3 Na6 16. b4 axb4 17. axb4 Bd7 18. Qb3 Ne8
19. Bb2 g6 20. Ne1 Bg5 21. Bc3 f5 22. exf5 gxf5 23. g3 Bf6 24. Ng2 Qb6 25. Kh1
Rc8 26. Bb2 Kh8 27. Qa3 Ra8 28. g4 Nac7 29. Qb3 Rxa1 30. Bxa1 Qb7 31. gxf5 Qxd5
32. Qe3 Qa8 33. Be4 Bc6 34. Bxc6 Qxc6 35. Ne4 Rg8 36. f3 Nd5 37. Qd2 Ne7 38.
Rc1 Qd7 39. Nxf6 Nxf6 40. f4 Qxf5 41. Qxd6 Rxg2 42. Kxg2 Qe4+ 43. Kg1 Qe3+ 44.
Kg2 Qe2+ 1/2-1/2

[Event "SR 2. liga A 2006/2007"]
[Site "?"]
[Date "2006.10.15"]
[Round "2.4"]
[White "Janos, Ivan"]
[Black "Bebiak, Jozef"]
[Result "1-0"]
[ECO "B54"]
[WhiteElo "2153"]
[BlackElo "2145"]
[PlyCount "51"]
[EventDate "2006.??.??"]
[TimeControl "240+2"]

{89MB, Fritz8.ctg, KAIKO-2PTA9HT0L} 1. e4 c5 2. Nf3 d6 3. d4 cxd4 4. Nxd4 e5 5.
Nb5 a6 6. N5c3 Be7 7. Nd5 Nf6 8. Nbc3 Be6 9. Be3 Nbd7 10. g3 b5 11. a3 O-O 12.
Bg2 Nxd5 13. Nxd5 Nf6 14. Nxf6+ Bxf6 15. Qd2 Qc7 16. O-O Rac8 17. Rfc1 Rfd8 18.
a4 Qc6 19. axb5 axb5 20. Ra3 Ra8 21. Rc3 Qb7 22. Rd3 Be7 23. b3 Ra2 24. Bc5 Qc6
25. Bb4 Bxb3 26. Rxb3 1-0

[Event "SR 2. liga A 2006/2007"]
[Site "?"]
[Date "2006.10.15"]
[Round "2.5"]
[White "Varga, David"]
[Black "Michal, Silvio"]
[Result "1-0"]
[ECO "B06"]
[WhiteElo "2184"]
[BlackElo "2135"]
[PlyCount "52"]
[EventDate "2006.??.??"]
[TimeControl "240+2"]

{89MB, Fritz8.ctg, KAIKO-2PTA9HT0L} 1. e4 g6 2. d4 Bg7 3. f4 d5 4. e5 h5 5. Nf3
Nh6 6. c4 O-O 7. cxd5 Qxd5 8. Nc3 Qa5 9. Bd2 c6 10. Qa4 Qb6 11. Bd3 Bf5 12. Ne4
a5 13. b4 axb4 14. Qxb4 Qc7 15. O-O Na6 16. Qc3 Rfd8 17. Kh1 Bxe4 18. Bxe4 e6
19. Rab1 Qc8 20. Qb3 Nc7 21. Qxb7 Rxa2 22. Qxc6 Nd5 23. Qxc8 Rxc8 24. Rb5 Nf5
25. Bxd5 Nxd4 26. Bxa2 Nxb5 1-0

[Event "SR 2. liga A 2006/2007"]
[Site "?"]
[Date "2006.10.15"]
[Round "2.6"]
[White "Obdrzalkova, Anita"]
[Black "Syrovy, Ivan"]
[Result "1/2-1/2"]
[ECO "B78"]
[WhiteElo "2058"]
[BlackElo "2091"]
[PlyCount "88"]
[EventDate "2006.??.??"]
[TimeControl "240+2"]

{89MB, Fritz8.ctg, KAIKO-2PTA9HT0L} 1. e4 c5 2. Nf3 d6 3. d4 cxd4 4. Nxd4 Nf6
5. Nc3 g6 6. Be3 Bg7 7. f3 Nc6 8. Qd2 Bd7 9. Bc4 O-O 10. O-O-O Rc8 11. Bb3 Na5
12. Bh6 Nc4 13. Bxc4 Rxc4 14. Bxg7 Kxg7 15. g4 Qa5 16. Kb1 b5 17. Ncxb5 Qb6 18.
Na3 Ra4 19. Ka1 Rb8 20. c3 Ra6 21. Rhg1 e5 22. Ne2 Be6 23. h4 d5 24. g5 Nh5 25.
exd5 Bxd5 26. Rgf1 Qb7 27. Ng1 Bxa2 28. Rf2 Bc4 29. Qc2 Bb3 30. Qc1 Bxd1 31.
Qxd1 Qe7 32. Qc1 Qc5 33. Rd2 Rb3 34. Ne2 Nf4 35. Nxf4 exf4 36. Rc2 Qf5 37. Qd2
Rb8 38. c4 Re8 39. Kb1 Rae6 40. Nb5 Re3 41. Nd6 Re1+ 42. Ka2 Qd7 43. Nxe8+ Qxe8
44. Qd4+ Kg8 1/2-1/2

[Event "SR 2. liga A 2006/2007"]
[Site "?"]
[Date "2006.10.15"]
[Round "2.7"]
[White "Peitl, Tomas"]
[Black "Zacik, Anton"]
[Result "1-0"]
[ECO "B33"]
[WhiteElo "1931"]
[BlackElo "2059"]
[PlyCount "119"]
[EventDate "2006.??.??"]
[TimeControl "240+2"]

{89MB, Fritz8.ctg, KAIKO-2PTA9HT0L} 1. e4 c5 2. Nf3 Nc6 3. d4 cxd4 4. Nxd4 Nf6
5. Nc3 e5 6. Ndb5 d6 7. Bg5 a6 8. Na3 b5 9. Nd5 Be7 10. Bxf6 Bxf6 11. c3 O-O
12. Nc2 Bg5 13. a4 bxa4 14. Rxa4 a5 15. Bc4 Rb8 16. b3 Ne7 17. h4 Bxh4 18. Qh5
Ng6 19. g3 Qg5 20. Qxg5 Bxg5 21. Rxa5 Bg4 22. O-O Bf3 23. Ra6 Bxe4 24. Ncb4
Bxd5 25. Bxd5 Bd2 26. Rxd6 Bxc3 27. Nc6 Rb5 28. Rc1 Bb4 29. Nxb4 Rxb4 30. Rc7
Rbb8 31. Rdd7 Nh8 32. Kf1 Rbd8 33. Ke2 Rxd7 34. Rxd7 Re8 35. b4 Kf8 36. Bc6 Rb8
37. b5 Ng6 38. Kd3 Ne7 39. Kc4 Nxc6 40. bxc6 Ke8 41. Kc5 h5 42. Kd6 Rb2 43.
Re7+ Kf8 44. Rxe5 Rd2+ 45. Kc7 Rxf2 $11 46. Kc8 g6 47. c7 Rc2 48. Kd7 Rxc7+ 49.
Kxc7 f6 50. Re6 Kf7 51. Kd7 g5 52. Re7+ Kg6 53. Ke6 f5 54. Rf7 f4 55. Rf6+ Kg7
56. gxf4 gxf4 57. Rxf4 Kg6 58. Rf5 h4 59. Ke5 h3 60. Rf3 1-0

[Event "SR 2. liga A 2006/2007"]
[Site "?"]
[Date "2006.10.15"]
[Round "2.8"]
[White "Beles, Milan"]
[Black "Kolesar, Rastislav"]
[Result "1-0"]
[ECO "B01"]
[WhiteElo "2094"]
[BlackElo "1908"]
[PlyCount "57"]
[EventDate "2006.??.??"]
[TimeControl "240+2"]

{89MB, Fritz8.ctg, KAIKO-2PTA9HT0L} 1. e4 d5 2. exd5 Qxd5 3. Nc3 Qa5 4. d4 c6
5. Nf3 Nf6 6. Ne5 Nbd7 7. Nc4 Qc7 8. g3 Nb6 9. Bf4 Qd8 10. Ne5 Nbd5 11. Bd2 Bf5
12. Qf3 Bxc2 13. Nxd5 Qxd5 14. Bc4 Qxf3 15. Bxf7+ Kd8 16. Nxf3 Be4 17. Ke2 Bd5
18. Ba5+ b6 19. Bxd5 cxd5 20. Bd2 e6 21. Ne5 Ke8 22. Rac1 Bd6 23. Rc6 Ke7 24.
Rhc1 Rhg8 25. Rxd6 Rgc8 26. Rdc6 Kd8 27. Rxe6 Rxc1 28. Bxc1 Rc8 29. Rc6 1-0

[Event "SR 2. liga A 2006/2007"]
[Site "?"]
[Date "2006.11.25"]
[Round "3.1"]
[White "Tibensky, Robert"]
[Black "Pacher, Milan"]
[Result "1-0"]
[ECO "E15"]
[WhiteElo "2409"]
[BlackElo "2262"]
[PlyCount "81"]
[EventDate "2006.??.??"]
[TimeControl "240+2"]

{284MB, Fritz8.ctg, K48BB} 1. d4 Nf6 2. c4 e6 3. Nf3 b6 4. g3 Ba6 5. Nbd2 Bb7
6. Bg2 d5 7. Ne5 Bd6 8. cxd5 exd5 9. Qa4+ Nfd7 10. Nec4 Be7 11. Ne3 O-O 12.
Nxd5 Nc5 13. dxc5 Bxd5 14. Nf3 Bxc5 15. O-O Qe7 16. Rd1 Bb7 17. Qc2 Nc6 18. a3
a5 19. Bf4 h6 20. h4 Nd8 21. e3 Ne6 22. Be5 Rad8 23. Bc3 Rxd1+ 24. Rxd1 Rd8 25.
Re1 Bd6 26. Qf5 Qd7 27. Qg4 Qc6 28. e4 Qc4 29. h5 Bc8 30. Nd2 Qa4 31. Qe2 Bc5
32. b3 Qe8 33. Nc4 Nd4 34. Qb2 Ba6 35. Ne3 c6 36. b4 Ne2+ 37. Rxe2 Bxe2 38.
bxc5 Bxh5 39. Bxg7 Kh7 40. cxb6 Rb8 41. Be5 1-0

[Event "SR 2. liga A 2006/2007"]
[Site "?"]
[Date "2006.11.25"]
[Round "3.2"]
[White "Ruckschloss, Karol"]
[Black "Maslik, Miroslav"]
[Result "1-0"]
[ECO "D87"]
[WhiteElo "2273"]
[BlackElo "2204"]
[PlyCount "111"]
[EventDate "2006.??.??"]
[TimeControl "240+2"]

{284MB, Fritz8.ctg, K48BB} 1. c4 Nf6 2. d4 g6 3. Nc3 d5 4. cxd5 Nxd5 5. e4 Nxc3
6. bxc3 Bg7 7. Bc4 O-O 8. Ne2 c5 9. O-O Nc6 10. Be3 Bg4 11. f3 Bd7 12. dxc5 Qc7
13. Qb3 Na5 14. Qb4 Nxc4 15. Qxc4 Rfc8 16. Qb4 e6 17. Rab1 Rab8 18. Rfd1 Bf8
19. Nc1 b6 20. cxb6 axb6 21. Qd4 Bc5 22. Qd2 Ba4 23. Re1 Bd6 24. h3 Bh2+ 25.
Kh1 Bg3 26. Rf1 Qxc3 27. Qxc3 Rxc3 28. Bxb6 Rc6 29. Ne2 Rcxb6 30. Rxb6 Rxb6 31.
Nxg3 Rb2 32. Ra1 Kg7 33. Nf1 Re2 34. a3 Kf6 35. Kh2 Ke5 36. Rc1 Ra2 37. Rc7 f5
38. exf5 gxf5 39. Ne3 Re2 40. Nc4+ Kd4 41. Nd6 Ke3 42. Rxh7 Bc6 43. Rg7 f4 44.
Rc7 Bd5 45. h4 Kd4 46. Kh3 e5 47. Re7 Re1 48. h5 Kc5 49. Ne4+ Bxe4 50. Rxe5+
Kd6 51. Rxe4 Rh1+ 52. Kg4 Rg1 53. Re2 Rh1 54. Kxf4 Rxh5 55. g4 Ra5 56. Re3 1-0

[Event "SR 2. liga A 2006/2007"]
[Site "?"]
[Date "2006.11.25"]
[Round "3.3"]
[White "Janos, Ivan"]
[Black "Hacik, Radomir"]
[Result "1/2-1/2"]
[ECO "B13"]
[WhiteElo "2142"]
[BlackElo "2213"]
[PlyCount "69"]
[EventDate "2006.??.??"]
[TimeControl "240+2"]

{284MB, Fritz8.ctg, K48BB} 1. e4 c6 2. d4 d5 3. exd5 cxd5 4. c3 g6 5. Bf4 Nc6
6. Bd3 Bg7 7. Na3 a6 8. h3 e5 9. dxe5 Nxe5 10. Bxe5 Bxe5 11. Nf3 Bg7 12. Qa4+
Bd7 13. Qb3 Nf6 14. O-O O-O 15. Nc2 Nh5 16. Rfd1 Nf4 17. Ne3 Qf6 18. Nxd5 Nxd5
19. Qxd5 Bc6 20. Qg5 Bxf3 21. Qxf6 Bxf6 22. gxf3 Rad8 23. Be2 Bg5 24. Rxd8 Rxd8
25. Rd1 Rxd1+ 26. Bxd1 Bc1 27. b3 Kf8 28. Kg2 Ke7 29. Kg3 Bd2 30. c4 f5 31. Be2
a5 32. f4 b6 33. c5 bxc5 34. Bc4 Kf6 35. Kf3 1/2-1/2

[Event "SR 2. liga A 2006/2007"]
[Site "?"]
[Date "2006.11.25"]
[Round "3.4"]
[White "Fraas, Martin"]
[Black "Syrovy, Ivan"]
[Result "1/2-1/2"]
[ECO "C41"]
[WhiteElo "2209"]
[BlackElo "2081"]
[PlyCount "64"]
[EventDate "2006.??.??"]
[TimeControl "240+2"]

{284MB, Fritz8.ctg, K48BB} 1. e4 e5 2. Nf3 d6 3. d4 Nd7 4. Bc4 c6 5. Nc3 Be7 6.
O-O Ngf6 7. Qe2 O-O 8. Rd1 Qc7 9. a4 b6 10. Bg5 a6 11. d5 c5 12. Nh4 Re8 13.
Nf5 Nf8 14. Qf3 Ng6 15. Ne2 Nd7 16. Nxe7+ Nxe7 17. Ng3 f6 18. Bc1 Nf8 19. Ra3
Qd7 20. Qe2 Qg4 21. f3 Qh4 22. Rb3 Nd7 23. Rf1 g5 24. Rf2 Rf8 25. Nf1 a5 26.
Kh1 Qh5 27. Bb5 Rb8 28. Ne3 Rd8 29. Bd2 Nf8 30. Nc4 f5 31. Nxb6 Rxb6 32. Bxa5
Rxb5 1/2-1/2

[Event "SR 2. liga A 2006/2007"]
[Site "?"]
[Date "2006.11.25"]
[Round "3.5"]
[White "Zacik, Anton"]
[Black "Djubek, Boris"]
[Result "1/2-1/2"]
[ECO "C68"]
[WhiteElo "2050"]
[BlackElo "2131"]
[PlyCount "95"]
[EventDate "2006.??.??"]
[TimeControl "240+2"]

{284MB, Fritz8.ctg, K48BB} 1. e4 e5 2. Nf3 Nc6 3. Bb5 a6 4. Bxc6 dxc6 5. O-O
Qd6 6. d4 exd4 7. Qxd4 Qxd4 8. Nxd4 Bd7 9. Be3 O-O-O 10. Nb3 b6 11. Nc3 Ne7 12.
Rad1 f5 13. e5 Ng6 14. f4 Be7 15. Nd2 Nf8 16. Nf3 Ne6 17. a3 h6 18. Nd4 Nxd4
19. Bxd4 Be6 20. Be3 Rde8 21. Rd2 g5 22. g3 Rhg8 23. Ne2 c5 24. b3 Kb7 25. Rb1
Rd8 26. Rbd1 Rxd2 27. Rxd2 a5 28. a4 c4 29. bxc4 Bxc4 30. Kf2 Kc8 31. Nd4 Bb4
32. Rd1 gxf4 33. gxf4 Bd5 34. Nxf5 Be4 35. Ng3 Bxc2 36. Rc1 Bxa4 37. Bxb6 c6
38. f5 Kb7 39. Be3 h5 40. f6 Bb3 41. Nf5 Rg4 42. Nd4 Bd5 43. Rg1 Rxg1 44. Kxg1
Bc3 45. Kf2 a4 46. e6 Bxd4 47. Bxd4 Bxe6 48. Bc5 1/2-1/2

[Event "SR 2. liga A 2006/2007"]
[Site "?"]
[Date "2006.11.25"]
[Round "3.6"]
[White "Sturc, Gustav"]
[Black "Beles, Milan"]
[Result "1-0"]
[ECO "B22"]
[WhiteElo "2103"]
[BlackElo "2094"]
[PlyCount "87"]
[EventDate "2006.??.??"]
[TimeControl "240+2"]

{284MB, Fritz8.ctg, K48BB} 1. e4 c5 2. c3 Nf6 3. e5 Nd5 4. d4 cxd4 5. Nf3 d6 6.
cxd4 Nc6 7. Nc3 dxe5 8. dxe5 Nxc3 9. Qxd8+ Kxd8 10. bxc3 Bg4 11. Bf4 Bxf3 12.
gxf3 e6 13. Bb5 Kc7 14. Ke2 Be7 15. Rhg1 g6 16. Rad1 Rhd8 17. Ba4 Rxd1 18. Rxd1
Rd8 19. Rxd8 Bxd8 20. Kd3 h5 21. Ke4 a6 22. Be3 Be7 23. f4 b5 24. Bd1 Na5 25.
Be2 Kc6 26. Bf3 Bc5 27. Kd3+ Kb6 28. Bd1 Nc4 29. Bb3 Bxe3 30. fxe3 Na5 31. Kd4
Nc6+ 32. Kd3 Kc5 33. e4 a5 34. a4 b4 35. Bc4 Ne7 36. Bb5 g5 37. fxg5 Ng6 38.
cxb4+ axb4 39. Kc2 Nxe5 40. Be2 h4 41. a5 Nc6 42. a6 Kb6 43. Kb2 e5 44. Bc4 1-0

[Event "SR 2. liga A 2006/2007"]
[Site "?"]
[Date "2006.11.25"]
[Round "3.7"]
[White "Srna, Jan"]
[Black "Oprea, Erik"]
[Result "0-1"]
[ECO "A41"]
[WhiteElo "2144"]
[BlackElo "2037"]
[PlyCount "124"]
[EventDate "2006.??.??"]
[TimeControl "240+2"]

{284MB, Fritz8.ctg, K48BB} 1. d4 d6 2. Nf3 c6 3. e3 Qc7 4. b3 g6 5. Bb2 Bg7 6.
Bd3 Nd7 7. c4 e5 8. O-O Ne7 9. Nc3 Nf6 10. Rc1 Bf5 11. e4 Bg4 12. d5 Nh5 13.
Be2 Nf4 14. Nd2 Bd7 15. Ndb1 h5 16. Ba3 c5 17. Nb5 Qb8 18. b4 a6 19. N5c3 b6
20. Re1 g5 21. Bf1 g4 22. Rc2 Neg6 23. bxc5 bxc5 24. Rb2 Qd8 25. Na4 Rb8 26.
Rxb8 Qxb8 27. Nbc3 Qd8 28. Qb3 O-O 29. Rb1 Nh4 30. Nb6 Be8 31. Bc1 Bh6 32. Qd1
Kh7 33. Ne2 Rg8 34. Ng3 Qf6 35. Kh1 Qd8 36. a4 Rg6 37. Bd2 Rf6 38. Qe1 Rg6 39.
Qd1 Qf6 40. Be3 Bg5 41. Qe1 Rh6 42. a5 Nfg6 43. Nc8 Bxe3 44. Qxe3 Nf4 45. Rb6
Qd8 46. Na7 Ba4 47. Nc6 Bxc6 48. dxc6 Qc8 49. Nf5 Nxf5 50. exf5 h4 51. Qe4 g3
52. fxg3 hxg3 53. h3 Rh5 54. Rb7 Kg7 55. Be2 Nxe2 56. Qg4+ Kh6 57. Rxf7 Rxh3+
58. Qxh3+ Kg5 59. Rg7+ Kf4 60. Qh5 Ke3 61. Rb7 Qg8 62. Rb2 Nd4 0-1

[Event "SR 2. liga A 2006/2007"]
[Site "?"]
[Date "2006.11.25"]
[Round "3.8"]
[White "Cambel, Vladimir"]
[Black "Navara, Vladimir"]
[Result "0-1"]
[ECO "D60"]
[WhiteElo "2049"]
[BlackElo "1890"]
[PlyCount "66"]
[EventDate "2006.??.??"]
[TimeControl "240+2"]

{284MB, Fritz8.ctg, K48BB} 1. Nf3 d5 2. d4 Nf6 3. c4 e6 4. Bg5 Be7 5. Nc3 c6 6.
e3 Nbd7 7. Bd3 h6 8. Bh4 O-O 9. O-O a6 10. a4 Qa5 11. Ne5 dxc4 12. Nxc4 Qd8 13.
Bc2 Nd5 14. Qd3 f5 15. Bxe7 Qxe7 16. Na2 b5 17. Na5 Qd6 18. Rac1 c5 19. dxc5
Nxc5 20. Qd2 bxa4 21. Nb4 Rd8 22. Nbc6 Rd7 23. Qd4 Rc7 24. e4 fxe4 25. Bxe4
Nxe4 26. Qxe4 Bd7 27. Ne5 Rac8 28. Rxc7 Rxc7 29. Nac4 Qe7 30. Re1 Nf6 31. Qa8+
Bc8 32. Rd1 Kh7 33. Nd6 Qxd6 0-1

[Event "SR 2. liga A 2006/2007"]
[Site "?"]
[Date "2006.11.26"]
[Round "4.1"]
[White "Eged, Igor"]
[Black "Tibensky, Robert"]
[Result "0-1"]
[ECO "A48"]
[WhiteElo "2099"]
[BlackElo "2409"]
[PlyCount "89"]
[EventDate "2006.??.??"]
[TimeControl "240+2"]

{284MB, Fritz8.ctg, K48BB} 1. e3 c5 2. d4 Nf6 3. Nf3 g6 4. dxc5 Qa5+ 5. Nbd2
Bg7 6. Nd4 Qxc5 7. N2b3 Qc7 8. c4 a6 9. Be2 O-O 10. O-O Rd8 11. Bd2 Ne4 12. Bb4
d6 13. Rc1 Nc5 14. Bf3 Ra7 15. Qc2 Bd7 16. Nd2 Be8 17. b3 Nbd7 18. Bc3 Nf6 19.
e4 Rc8 20. Qb1 Qb8 21. Ba1 b6 22. Rfe1 h5 23. Rcd1 b5 24. Nc2 Nfd7 25. Bxg7
Kxg7 26. Ne3 Ne5 27. Be2 Bc6 28. Kh1 Qb7 29. f3 h4 30. f4 Ned7 31. Nd5 Nf6 32.
Nxf6 exf6 33. Bf3 Ne6 34. g3 hxg3 35. hxg3 Nd4 36. Kg1 Qb6 37. Kf1 bxc4 38.
bxc4 Qc5 39. Qd3 Nxf3 40. Nxf3 Re7 41. Nd2 Rh8 42. Qe3 Rh1+ 43. Kf2 Rh2+ 44.
Kg1 Qh5 45. Rf1 0-1

[Event "SR 2. liga A 2006/2007"]
[Site "?"]
[Date "2006.11.26"]
[Round "4.2"]
[White "Maslik, Miroslav"]
[Black "Kolar, Tomas"]
[Result "1-0"]
[ECO "E17"]
[WhiteElo "2255"]
[BlackElo "2042"]
[PlyCount "69"]
[EventDate "2006.??.??"]
[TimeControl "240+2"]

{284MB, Fritz8.ctg, K48BB} 1. d4 Nf6 2. c4 e6 3. Nf3 b6 4. g3 Bb7 5. Bg2 Be7 6.
Nc3 O-O 7. d5 d6 8. Nd4 exd5 9. cxd5 Nbd7 10. O-O Re8 11. e4 Bf8 12. Qc2 a6 13.
Bd2 g6 14. Rac1 Bg7 15. Nce2 Nc5 16. f3 a5 17. b3 Ba6 18. Nc6 Qd7 19. Ned4 Bxf1
20. Bxf1 Qc8 21. a3 Nfd7 22. Bh3 Qa6 23. b4 axb4 24. axb4 Bxd4+ 25. Nxd4 Qd3
26. Qxd3 Nxd3 27. Bxd7 Nxc1 28. Bxe8 Rxe8 29. Bxc1 Ra8 30. Bf4 Ra1+ 31. Kf2
Ra2+ 32. Ke3 f6 33. h4 Kf7 34. Nb5 Rc2 35. Kd3 1-0

[Event "SR 2. liga A 2006/2007"]
[Site "?"]
[Date "2006.11.26"]
[Round "4.3"]
[White "Hricak, Vasil"]
[Black "Hartl, Jan"]
[Result "1/2-1/2"]
[ECO "C45"]
[WhiteElo "2043"]
[BlackElo "2158"]
[PlyCount "37"]
[EventDate "2006.??.??"]
[TimeControl "240+2"]

{284MB, Fritz8.ctg, K48BB} 1. e4 e5 2. Nf3 Nc6 3. d4 exd4 4. Nxd4 Bc5 5. Nxc6
Qf6 6. f4 Qxc6 7. Bd3 d6 8. Qe2 Bd7 9. Be3 Nf6 10. h3 O-O 11. Bxc5 Qxc5 12. Nc3
Rfe8 13. O-O-O b5 14. g4 b4 15. Nb1 Bc6 16. Nd2 Rab8 17. g5 Nd5 18. Qf3 Ne7 19.
f5 1/2-1/2

[Event "SR 2. liga A 2006/2007"]
[Site "?"]
[Date "2006.11.26"]
[Round "4.4"]
[White "Janos, Ivan"]
[Black "Prielozny, Marek"]
[Result "0-1"]
[ECO "B15"]
[WhiteElo "2133"]
[BlackElo "1946"]
[PlyCount "54"]
[EventDate "2006.??.??"]
[TimeControl "240+2"]

{284MB, Fritz8.ctg, K48BB} 1. e4 e6 2. d4 d5 3. e5 c5 4. Nc3 Bd7 5. Nf3 cxd4 6.
Nb5 Bxb5 7. Bxb5+ Nd7 8. a4 a6 9. Bd3 Ne7 10. O-O Nc6 11. Bf4 Rc8 12. Bg3 Be7
13. Re1 Qb6 14. c3 dxc3 15. bxc3 Qa5 16. Rc1 Ba3 17. Rb1 Qc7 18. Ng5 g6 19. Qf3
O-O 20. Bf4 h6 21. Bxg6 hxg5 22. Qh5 fxg6 23. Qxg6+ Kh8 24. Re3 Rxf4 25. Qh6+
Kg8 26. Qxg5+ Kf8 27. Qxf4+ Ke8 0-1

[Event "SR 2. liga A 2006/2007"]
[Site "?"]
[Date "2006.11.26"]
[Round "4.5"]
[White "Vimmer, Michal"]
[Black "Michal, Silvio"]
[Result "0-1"]
[ECO "E21"]
[WhiteElo "1985"]
[BlackElo "2135"]
[PlyCount "60"]
[EventDate "2006.??.??"]
[TimeControl "240+2"]

{284MB, Fritz8.ctg, K48BB} 1. d4 Nf6 2. c4 e6 3. Nf3 b6 4. Nc3 Bb4 5. Qb3 c5 6.
Bg5 Nc6 7. e3 Ba6 8. a3 Bxc3+ 9. Qxc3 h6 10. Bh4 g5 11. Bg3 Ne4 12. Qc2 Nxg3
13. hxg3 cxd4 14. Nxd4 Nxd4 15. exd4 Qf6 16. Rd1 Bb7 17. Qd2 d6 18. Qb4 O-O-O
19. Qd2 h5 20. f4 gxf4 21. Qxf4 Qg7 22. Rd2 e5 23. Qf5+ Kb8 24. g4 Bc8 25. Qe4
Bxg4 26. Rf2 f5 27. Qd5 Rhe8 28. Be2 exd4 29. Kf1 Re5 30. Qc6 Qe7 0-1

[Event "SR 2. liga A 2006/2007"]
[Site "?"]
[Date "2006.11.26"]
[Round "4.6"]
[White "Syrovy, Ivan"]
[Black "Adamcik, Tomas"]
[Result "1-0"]
[ECO "B00"]
[WhiteElo "2091"]
[BlackElo "1964"]
[PlyCount "127"]
[EventDate "2006.??.??"]
[TimeControl "240+2"]

{284MB, Fritz8.ctg, K48BB} 1. e4 b6 2. d4 Bb7 3. Nc3 e6 4. Nf3 Bb4 5. Bd3 c5 6.
O-O cxd4 7. Nxd4 Bxc3 8. bxc3 a6 9. Qg4 g6 10. Bg5 Qc7 11. Ne2 Nc6 12. f4 f6
13. Bh4 O-O-O 14. Bf2 Nge7 15. Rab1 b5 16. a4 f5 17. Qh3 b4 18. cxb4 d5 19. e5
Kd7 20. b5 axb5 21. axb5 Na5 22. Nd4 Nc8 23. Be1 Nc4 24. Rf2 N8b6 25. Qh6 Qc5
26. c3 Qf8 27. Qxf8 Rdxf8 28. Ra1 Ra8 29. Rfa2 Rxa2 30. Rxa2 Ra8 31. Rxa8 Bxa8
32. Kf2 Na4 33. h3 Nc5 34. Ke2 Nxd3 35. Kxd3 Bb7 36. Bf2 Na3 37. Nb3 Bc8 38.
Nc5+ Kc7 39. b6+ Kc6 40. b7 Bxb7 41. Nxe6 Ba6+ 42. Ke3 Bf1 43. Kf3 Nb5 44. Bd4
h6 45. h4 Nc7 46. Nf8 Bd3 47. Nxg6 Be4+ 48. Kf2 Ne6 49. Kg3 Kd7 50. h5 Ke8 51.
Kh3 Ng7 52. g4 fxg4+ 53. Kxg4 Bd3 54. Bc5 Be2+ 55. Kh4 Nf5+ 56. Kh3 Bxh5 57.
Nh4 Nxh4 58. Kxh4 Be2 59. f5 Bd3 60. Kg4 h5+ 61. Kg5 h4 62. e6 Bxf5 63. Kxf5 h3
64. Bg1 1-0